 Dungeon Crawl Stone Soup version 0.27.0-1-g7a089689b8 (webtiles) character file.

Game seed: 13017306970022232926

70 GordonOverkill the Sneak (level 4, -2/26 HPs)
             Began as a Deep Elf Brigand on Aug 8, 2021.
             Killed from afar by a white imp (5 damage)
             ... with a puff of frost
             ... summoned by Natasha
             ... on level 2 of the Dungeon.
             The game lasted 00:03:39 (2409 turns).

GordonOverkill the Sneak (Deep Elf Brigand)         Turns: 2409, Time: 00:03:39

Health: -2/26      AC:  4    Str:  9    XL:     4   Next: 4%
Magic:  6/6        EV: 11    Int: 16    God:
Gold:   23         SH:  0    Dex: 16    Spells: 3/3 levels left

rFire    . . .     SeeInvis .   a - +2 dagger
rCold    . . .     Faith    .   (no shield)
rNeg     . . .     Spirit   .   j - +0 leather armour
rPois    .         Reflect  .   (no helmet)
rElec    .         Harm     .   c - +0 cloak
rCorr    .         Rampage  .   (no gloves)
Will     .....                  (no boots)
Stlth    +++.......             (no amulet)
HPRegen  0.08/turn              (no ring)
MPRegen  0.10/turn              (no ring)

@: slowed, very slow
A: no striking features
a: no special abilities


You were on level 2 of the Dungeon.
You visited 1 branch of the dungeon, and saw 2 of its levels.

You collected 23 gold pieces.

Inventory:

Hand Weapons
 a - a +2 dagger (weapon)
Armour
 c - a +0 cloak (worn)
 j - a +0 leather armour (worn)
Scrolls
 b - a scroll of blinking
 g - a scroll of immolation {unknown}
 h - a scroll of teleportation {unknown}
 k - a scroll of enchant weapon {unknown}
 m - a scroll of brand weapon {unknown}
Potions
 i - 2 potions of flight


   Skills:
 + Level 2.2 Fighting
 * Level 3.4 Short Blades
 + Level 2.7 Throwing
 - Level 1.2 Dodging
 - Level 4.8 Stealth


You had 3 spell levels left.
You didn't know any spells.
Your spell library was empty.

Dungeon Overview and Level Annotations

Branches:
Dungeon (2/15)

Altars:
Xom

Annotations:
D:2 Natasha, Sigmund


Message History

You hit Natasha but do no damage. Natasha closely misses you.
You closely miss Natasha. Natasha barely misses you.
You hit Natasha.
Natasha is lightly wounded.
Natasha barely misses you.
You hit Natasha.
Natasha is moderately wounded.
You closely miss Natasha.
Natasha is moderately wounded.
Natasha claws you.
You hit Natasha.
Natasha is heavily wounded.
Natasha claws you but does no damage.
You hit Natasha.
Natasha is severely wounded.
Natasha casts a spell at you.
You feel yourself slow down.
You barely miss Natasha.
Natasha is severely wounded.
Natasha barely misses you.
You barely miss Natasha.
Natasha is severely wounded.
Natasha claws you but does no damage.
You closely miss Natasha.
Natasha is severely wounded.
Natasha claws you. x2
* * * LOW HITPOINT WARNING * * *
You hit Natasha but do no damage.
Natasha is severely wounded.
Natasha barely misses you.
You closely miss Natasha.
Natasha is severely wounded.
Natasha casts a spell.
You hit Natasha but do no damage.
Natasha is severely wounded.
Natasha claws you!
* * * LOW HITPOINT WARNING * * *
The white imp gestures at you. The puff of frost hits you.
You die...

#....# #.# ##'## #.##.#.#
#.##.###.# ##...## #.##.#.#
#........###.....## #......#
####.######.......## ###..###
####...####.........####...##
....(.....'.........'.......#
##......###<........####...##
#.##.#.# ##.......## ##..#
#.##.#.# ##...@5## ##.##
#†...#.# ##.h.## #..#
#.####.#######'## ##.#
#.##.........#.# #.#
#.##.#.#####.#.###### #.#
#......### #........# #.#
#........# #..((###.# #.#
####.###.###.....##.# #.# #.#
#..........#.# #.#


You could see Natasha and a white imp (summoned).

Vanquished Creatures
  Natasha (D:2)
  An adder (D:2)
  5 endoplasms
  A giant cockroach (D:1)
  3 goblins
  4 hobgoblins
  4 jackals (D:1)
  2 kobolds
  3 quokkas
  A bat (D:2)
  4 frilled lizards
  5 rats (D:1)
34 creatures vanquished.

Notes
Turn   | Place    | Note
-------+----------+-------------------------------------------
     0 | D:1      | GordonOverkill the Deep Elf Brigand began the quest for the
                  | Orb.
     0 | D:1      | Reached XP level 1. HP: 12/12 MP: 3/3
   249 | D:1      | Reached XP level 2. HP: 17/17 MP: 4/4
  1097 | D:1      | Found a faded altar of an unknown god.
  1581 | D:2      | Reached XP level 3. HP: 21/21 MP: 5/5
  2018 | D:2      | Found a shimmering altar of Xom.
  2024 | D:2      | Noticed Natasha
  2042 | D:2      | Killed Natasha
  2043 | D:2      | Reached XP level 4. HP: 14/26 MP: 6/6
  2245 | D:2      | Noticed Sigmund
  2390 | D:2      | Noticed Natasha
  2409 | D:2      | Killed from afar by a white imp

Illustrated notes

Levels and vault maps discovered:
D:1:      psy_arrival_terrarium, layout_loops_corners,
          hellmonk_ecumenical_altar_inner_sanctum, minmay_misc_feat_cross
D:2:      layout_loops_corners, basic_altar, chequers_arboretum, uniq_sigmund,
          uniq_natasha

Skill      XL: |  1  2  3 |
---------------+----------+-----
Fighting       | 2 |  2.2
Short Blades   | 3 |  3.4
Throwing       | |  2.7
Dodging        | |  1.2
Stealth        | |  4.8

Action                   |  1- 3 |  4- 6 || total
-------------------------+-------+-------++-------
Melee: Dagger            |    95 |    14 ||   109
Throw: Dart              |    42 |     4 ||    46
  Use: Potion            |     2 |       ||     2
       Scroll            |     1 |     1 ||     2
 Stab: Sleeping          |     4 |       ||     4
Armor: Robe              |    12 |       ||    12
       Leather armour    |     1 |     2 ||     3
Dodge: Dodged            |    49 |     6 ||    55
